 Dungeon Crawl Stone Soup version 0.30.0-13-g156ef70053 (webtiles) character file.

Game seed: 11565755157536556202

268 howech the Twirler (level 6, -4/52 HPs)
             Began as a Minotaur Gladiator on May 17, 2023.
             Was an Initiate of Okawaru.
             Slain by Prince Ribbit (14 damage)
             ... on level 5 of the Dungeon.
             The game lasted 00:11:51 (3660 turns).

howech the Twirler (Minotaur Gladiator)             Turns: 3660, Time: 00:11:52

Health: -4/52      AC:  4    Str: 19    XL:     6   Next: 0%
Magic:  5/5        EV: 13    Int:  7    God:    Okawaru [......]
Gold:   271        SH:  0    Dex: 11    Spells: 5/5 levels left

rFire   . . .        a - +0 quarterstaff
rCold   . . .        (shield currently unavailable)
rNeg    . . .        b - +0 leather armour
rPois   .            c - +1 hat
rElec   .            (no cloak)
rCorr   .            (no gloves)
SInv    .            (no boots)
Will    .....        (no amulet)
Stlth   +            (no ring)
HPRegen 0.28/turn    (no ring)
MPRegen 0.09/turn

%: no passive effects
@: no status effects
A: horns 2, retaliatory headbutt
a: Renounce Religion


You were on level 5 of the Dungeon.
You worshipped Okawaru.
Okawaru was noncommittal.
You visited 2 branches of the dungeon, and saw 6 of its levels.

You collected 271 gold pieces.

Inventory:

Hand Weapons
 a - a +0 quarterstaff (weapon)
 f - a +0 quarterstaff
Missiles
 d - 3 throwing nets (quivered)
 g - 8 poisoned darts
Armour
 b - a +0 leather armour (worn)
 c - a +1 hat (worn)
 m - a +0 chain mail
Magical Staves
 j - a staff of fire
 r - the staff of poison "Jired" {*Corrode rPois Str+6}
   (You found it on level 3 of the Dungeon)

   [staff of poison]

   Base accuracy: +5 Base damage: 5 Base attack delay: 1.2 This weapon's minimum
   attack delay (0.6) is reached at skill level 12.
   Str:       It affects your strength (+6).
   rPois:     It protects you from poison.
   *Corrode:  It may corrode you when you take damage.
   It falls into the 'Staves' category.
   It is a one-handed weapon.
Jewellery
 h - a ring of positive energy
Scrolls
 i - a scroll of amnesia
 l - a scroll of teleportation
 s - a scroll of immolation
Potions
 k - 4 potions of flight {unknown}
 n - 2 potions of lignification
 o - a potion of ambrosia {unknown}
 p - a potion of magic {unknown}
 q - a potion of mutation {unknown}
 t - a potion of curing {unknown}
 u - a potion of attraction {unknown}


   Skills:
 + Level 4.3 Fighting
 + Level 5.1 Staves
 + Level 3.5 Throwing
 + Level 4.6 Dodging


You had 5 spell levels left.
You didn't know any spells.
Your spell library contained the following spells:

 Spells                   Type           Power      Damage    Failure   Level
 Freeze                   Ice            0%         1d3       50%         1
 Magic Dart               Conj           0%         1d3       50%         1
 Searing Ray              Conj           0%         2d4       63%         2
 Frozen Ramparts          Ice            0%         1d1       86%         3
 Hailstorm                Conj/Ice       0%         3d3       86%         3
 Fulminant Prism          Conj/Hex       0%         3d5       99%         4
 Blade Hands              Tmut           0%         N/A       100%        5
 Iron Shot                Conj/Erth      0%         9d1       100%        6
 Animate Armour           Summ/Erth      Unusable   N/A       N/A         4

Dungeon Overview and Level Annotations

Branches:
Dungeon (5/15)             Temple (1/1) D:4

Altars:
Ashenzari
Cheibriados
Elyvilon
Kikubaaqudgha
Makhleb
Nemelex Xobeh
Okawaru
Qazlal
Ru
Sif Muna
Trog
Wu Jian
Xom
Zin
The Shining One

Shops:
D:1 ?

Annotations:
D:5 Prince Ribbit


Innate Abilities, Weirdness & Mutations

You have a pair of horns on your head.
You reflexively headbutt those who attack you in melee.


Message History

There is an open door here.
Done exploring.
There is an open door here.
There is a stone staircase leading down here.
The air fills with toxic fumes!
As you read the scroll labelled WEUPRE PIPAG, it crumbles to dust.
It was a scroll of poison.
Unknown command.
Okay, then.
Okay, then.
You climb downwards.
There is a stone staircase leading up here.
Unknown command.
Found a robe.
Prince Ribbit comes into view.
Prince Ribbit croaks.
Found a sling.
Prince Ribbit blinks!
Throw: javelin
Press: ? - help, Q - select action, (/) - cycle Shift-Dir - straight line, f - Prince Ribbit
Aim: Prince Ribbit (36% to hit)
You throw a javelin.
The javelin pierces through Prince Ribbit.
Prince Ribbit is lightly wounded.
Prince Ribbit hits you!
You miss Prince Ribbit.
Prince Ribbit is lightly wounded.
Prince Ribbit hits you. Prince Ribbit barely misses you.
You hit Prince Ribbit.
Prince Ribbit is lightly wounded.
Prince Ribbit hits you!
You hit Prince Ribbit. Your headbutt misses Prince Ribbit.
Prince Ribbit is moderately wounded.
Prince Ribbit barely misses you. You furiously retaliate!
You headbutt Prince Ribbit. Prince Ribbit hits you!
* * * LOW HITPOINT WARNING * * *
You barely miss Prince Ribbit.
Prince Ribbit is moderately wounded.
Prince Ribbit hits you!
You die...

#..........#
#.....(....#
##..........#
.....[......###
##......?.....#
............#
#.# #F# #
#@#######.#
#.#........
#.#........
#.#......#
#........#
##.<.....#
#.......#
#.......#
#..######


You could see Prince Ribbit.

Vanquished Creatures
  A scorpion (D:4)
  An iguana (D:4)
  An orc wizard (D:3)
  4 gnolls (D:4)
  3 adders
  A worm (D:2)
  3 dart slugs
  8 orcs
  6 ball pythons
  5 bats
  7 endoplasms
  4 giant cockroaches
  8 goblins
  4 hobgoblins
  7 jackals
  2 kobolds
  2 quokkas
  A frilled lizard (D:3)
  5 rats
73 creatures vanquished.

Notes
Turn   | Place    | Note
-------+----------+-------------------------------------------
     0 | D:1      | howech the Minotaur Gladiator began the quest for the Orb.
     0 | D:1      | Reached XP level 1. HP: 18/18 MP: 0/0
    61 | D:1      | Found Wourent's Magic Scroll Shoppe.
   135 | D:1      | Reached XP level 2. HP: 24/25 MP: 1/1
   215 | D:1      | Reached skill level 4 in Staves
   373 | D:1      | Reached XP level 3. HP: 31/31 MP: 2/2
  1541 | D:3      | Found a sacrificial altar of Ru.
  1577 | D:3      | Reached XP level 4. HP: 32/38 MP: 3/3
  1754 | D:3      | Identified the staff of poison "Jired" {*Corrode rPois
                  | Str+6}
  2071 | D:3      | HP: 1/40 [orc/+0 club (3)]
  2582 | D:4      | Reached XP level 5. HP: 31/46 MP: 4/4
  2725 | D:4      | Found a staircase to the Ecumenical Temple.
  2734 | Temple   | Entered the Ecumenical Temple
  2796 | Temple   | Became a worshipper of Warmaster Okawaru
  3341 | D:4      | Reached skill level 5 in Staves
  3341 | D:4      | Reached XP level 6. HP: 52/52 MP: 5/5
  3641 | D:5      | Entered Level 5 of the Dungeon
  3648 | D:5      | Noticed Prince Ribbit
  3660 | D:5      | Slain by Prince Ribbit

Illustrated notes

Levels and vault maps discovered:
D:1:      sevenhm_arrival_forest_fort_large_2, layout_rooms, serial_shops, shop
D:2:      layout_loops_ring, minmay_pentomino_v2
D:3:      layout_loops_corners, mainiacjoe_overflow_24_doors,
          kennysheep_generic_room_6
D:4:      layout_gridville, minmay_temple_entry_stoned_glass, minivault_23,
          corexii_item_surrounded_by_moat
D:5:      layout_rooms, grunt_temple_overflow_open,
          gammafunk_temple_overflow_wave, vehumet_altar_wand_db, uniq_eustachio,
          uniq_prince_ribbit1
Temple:   eino_temple_lava

Skill      XL: |  1  2  3  4  5 |
---------------+----------------+-----
Staves         | 4 5 |  5.1
Fighting       | 3 4 |  4.3
Dodging        | 4 |  4.6
Throwing       | 3 |  3.5

Action                     |  1- 3 |  4- 6 || total
---------------------------+-------+-------++-------
  Melee: Quarterstaff      |    77 |    79 ||   156
         Headbutt          |     8 |    13 ||    21
  Throw: Javelin           |       |     1 ||     1
    Use: Scroll            |     4 |     5 ||     9
 Armour: Leather armour    |    20 |    19 ||    39
  Dodge: Dodged            |    64 |    57 ||   121
